 Dungeon Crawl Stone Soup version 0.26-a0-58-g79b31b8662 (webtiles) character file.

Game seed: 16471139711263501237

74 BritishOli the Skirmisher (level 4, 36/36 HPs)
             Began as a Demonspawn Monk on June 8, 2020.
             Got out of the dungeon alive.
             The game lasted 00:02:05 (2004 turns).

BritishOli the Skirmisher (Demonspawn Monk)         Turns: 2004, Time: 00:02:06

Health: 36/36      AC:  2    Str: 12    XL:     4   Next: 9%
Magic:  4/4        EV: 14    Int: 11    God:
Gold:   72         SH:  0    Dex: 16    Spells: 3/3 levels left

rFire    . . .     SeeInvis .   a - +0 falchion
rCold    . . .     Gourm    .   (no shield)
rNeg     . . .     Faith    .   b - +0 robe
rPois    .         Spirit   .   (no helmet)
rElec    .         Reflect  .   (no cloak)
rCorr    .         Harm     .   (no gloves)
MR       .....                  (no boots)
Stlth    +++.......             (no amulet)
HPRegen  0.12/turn              (no ring)
MPRegen  0.09/turn              (no ring)

@: no status effects
A: talons 1, nightstalker 1
a: no special abilities


You escaped.
You were not hungry.

You visited 1 branch of the dungeon, and saw 2 of its levels.

You collected 72 gold pieces.

Inventory:

Hand Weapons
 a - a +0 falchion (weapon)
Armour
 b - a +0 robe (worn)
Scrolls
 d - 2 scrolls of remove curse {unknown}
 e - a scroll of teleportation {unknown}
 f - a scroll of enchant armour {unknown}
 g - a scroll of identify {unknown}
 k - a scroll of amnesia {unknown}
Potions
 h - a potion of might {unknown}
 i - 2 potions of curing {unknown}
Comestibles
 c - 3 rations
 j - 3 chunks of flesh


   Skills:
 + Level 3.6 Fighting
 + Level 3.2 Long Blades
 + Level 0.7 Armour
 + Level 3.2 Dodging
 - Level 2.3 Stealth


You had 3 spell levels left.
You didn't know any spells.
Your spell library was empty.

Dungeon Overview and Level Annotations

Branches:
Dungeon (2/15)

Altars:
Qazlal


Innate Abilities, Weirdness & Mutations

You have sharp toenails.
You are slightly more attuned to the shadows.


Message History

You butcher the giant cockroach corpse.
j - 3 chunks of flesh (gained 2)
You butcher the adder corpse.
j - 4 chunks of flesh (gained 1)
There is an open door, spattered with blood here.
You see here an adder skeleton.
There is an open door, spattered with blood here.
You see here an adder skeleton.
There is an open door here.
There is a stone staircase leading up here.
You climb upwards.
There is a stone staircase leading down here.
(D) Dungeon
Where to? (Enter - D:1, ? - help)
Okay, then.
Some of the chunks of flesh in your inventory have rotted away.
There is an open door here.
There is a staircase leading out of the dungeon here.
Are you sure you want to leave the Dungeon?
This will make you lose the game!
You have escaped!

.# #...# #...# ####### .#
#...# ###...### ####. .#
#...# #.......# ##.##. .#
###.####.......#####.#...
.#
#.#.............#.###..
.# ###.'......⌠......###
##. .#
#...#.............#.###.#
.#
#...####.......#####.#...
.# #...# #@......#
#...... ## #...#
###...### #####.. #...#
#...# #.. # ###.# #...#
#.# #
#.#######'###########.# #
#.##..................# #
#.##.#####.############ #
#.##.# #.# # #.##.# #.#


There were no monsters in sight!

Vanquished Creatures
  4 adders (D:2)
  3 dart slugs
  A ball python (D:1)
  4 giant cockroaches
  3 hobgoblins (D:1)
  A quokka (D:2)
  7 bats
  A goblin (D:1)
  7 kobolds
  3 rats
34 creatures vanquished.

Notes
Turn   | Place    | Note
-------+----------+-------------------------------------------
     0 | D:1      | BritishOli the Demonspawn Monk began the quest for the Orb.
     0 | D:1      | Reached XP level 1. HP: 18/18 MP: 1/1
    77 | D:1      | Gained mutation: You have sharp toenails. [demonic
                  | ancestry]
    77 | D:1      | Reached XP level 2. HP: 20/24 MP: 2/2
  1166 | D:2      | Reached XP level 3. HP: 17/29 MP: 3/3
  1382 | D:2      | Found a stormy altar of Qazlal.
  1921 | D:2      | Gained mutation: You are slightly more attuned to the
                  | shadows. [demonic ancestry]
  1921 | D:2      | Reached XP level 4. HP: 36/36 MP: 4/4
  2004 | D:$      | Got out of the dungeon alive.

Illustrated notes

Levels and vault maps discovered:
D:1:      minmay_arrival_cross, layout_loops_ring, chequers_big_river,
          minmay_misc_feat_five, bh_walls_and_bars
D:2:      layout_loops_corners, yredelemnul_forgotten_temple_becter,
          nicolae_qazlal_general_emergency, ashenzari_altar_1

Skill      XL: |  1  2 |
---------------+-------+-----
Stealth        | 2 |  2.3
Long Blades    | 3 |  3.2
Dodging        | 3 |  3.2
Fighting       | |  3.6
Armour         | |  0.7

Action                   |  1- 3 |  4- 6 || total
-------------------------+-------+-------++-------
Melee: Falchion          |    72 |       ||    72
       Kick              |    20 |       ||    20
 Stab: Sleeping          |     7 |       ||     7
  Eat: Chunk             |     3 |       ||     3
Armor: Robe              |    13 |       ||    13
Dodge: Dodged            |    49 |       ||    49
       Rpst.: Falchion   |    21 |       ||    21

Table legend:
 A = Non-vault XP
 B = Vault XP
 C = Vault XP percentage of total XP
 D = Non-vault monster count
 E = Vault monster count
 F = Vault count percentage of total count
                 A         B        C        D         E       F
            +---------+---------+-------+---------+---------+-------
      Total |     106 |       0 |   0.0 |      34 |       0 |   0.0
            +---------+---------+-------+---------+---------+-------
        D:1 |      23 |       0 |   0.0 |      12 |       0 |   0.0
        D:2 |      83 |       0 |   0.0 |      22 |       0 |   0.0
            +---------+---------+-------+---------+---------+-------
